[ AOE2 MATCH · #495330867 ]
UnrankedSicilians vs Persians
Player's team · LOSS
Rival team · WIN
[ REPLAY ANALYSIS · EXTRACTED FROM THE RECORDED GAME ]
Feudal
10:33
Castle
15:20
Imperial
—
| APM avg | 38.4 |
| APM peak | 70 |
| eAPM avg | 21.7 |
| Villagers / military | 74 / 20 |
Focus
⚔️ 31.2% · 🌾 68.8%
Spearman ×9 · Cavalry Archer ×9 · Archer ×2
Feudal
8:52
Castle
25:55
Imperial
—
| APM avg | 65.6 |
| APM peak | 109 |
| eAPM avg | 18.1 |
| Villagers / military | 64 / 43 |
Focus
⚔️ 25.0% · 🌾 75.0%
Scout Cavalry ×31 · Knight ×12
Match map
Initial resources + every placement click. Lines = walls · curves = elevation contours. ◆ gold · ⬟ stone · ● berries · ✦ relic · ◌ wall gap
Your base· Open — unwalled flank
Tobi's base· Open — 3t gap
Smoothed initial terrain · ◌ = detected wall gap · hover for details
Inputs per minute
— itsaureus - - Tobi
Build order — itsaureus
First 150 of 158 actions detected
| 0:00 | Queue | Villager (Male) |
| 0:02 | Build | House |
| 0:03 | Build | House |
| 0:26 | Queue | Villager (Male) |
| 0:27 | Queue | Villager (Male) |
| 0:59 | Queue | Villager (Male) |
| 0:59 | Queue | Villager (Male) |
| 1:27 | Queue | Villager (Male) |
| 2:02 | Queue | Villager (Male) |
| 2:02 | Queue | Villager (Male) |
| 2:23 | Queue | Villager (Male) |
| 2:23 | Queue | Villager (Male) |
| 2:51 | Queue | Villager (Male) |
| 2:59 | Build | House |
| 3:01 | Build | House |
| 3:20 | Queue | Villager (Male) |
| 3:29 | Build | Lumber Camp |
| 3:48 | Queue | Villager (Male) |
| 3:48 | Queue | Villager (Male) |
| 4:08 | Queue | Villager (Male) |
| 4:09 | Queue | Villager (Male) |
| 4:09 | Queue | Villager (Male) |
| 5:12 | Queue | Villager (Male) |
| 5:33 | Queue | Villager (Male) |
| 6:06 | Build | Mill |
| 6:08 | Queue | Villager (Male) |
| 6:08 | Queue | Villager (Male) |
| 6:14 | Build | Palisade Wall |
| 6:17 | Queue | Villager (Male) |
| 6:31 | Build | Donjon |
| 6:38 | Build | Palisade Wall |
| 6:50 | Build | Palisade Wall |
| 6:51 | Build | Palisade Wall |
| 6:53 | Queue | Villager (Male) |
| 6:54 | Queue | Villager (Male) |
| 7:08 | Queue | Villager (Male) |
| 7:15 | Research | Loom |
| 7:26 | Build | Palisade Wall |
| 7:58 | Build | Mining Camp |
| 8:18 | Research | Feudal Age |
| 8:28 | Queue | Villager (Male) |
| 8:28 | Queue | Villager (Male) |
| 8:49 | Queue | Villager (Male) |
| 9:19 | Build | Palisade Wall |
| 10:33 | Age | Feudal Age |
| 10:35 | Build | Archery Range |
| 11:03 | Build | Blacksmith |
| 11:50 | Queue | Villager (Male) |
| 11:50 | Queue | Villager (Male) |
| 12:24 | Queue | Villager (Male) |
| 12:40 | Research | Castle Age |
| 12:57 | Queue | Archer |
| 13:10 | Build | House |
| 13:31 | Queue | Spearman |
| 13:37 | Build | Farm |
| 13:38 | Build | Farm |
| 13:39 | Build | Farm |
| 13:47 | Build | Farm |
| 14:00 | Build | Farm |
| 14:08 | Queue | Archer |
| 14:31 | Build | Farm |
| 15:02 | Queue | Villager (Male) |
| 15:20 | Age | Castle Age |
| 15:42 | Queue | Villager (Male) |
| 15:51 | Queue | Villager (Male) |
| 15:53 | Build | Farm |
| 16:01 | Research | Pikeman (upgrade) |
| 16:06 | Queue | Cavalry Archer |
| 16:13 | Queue | Villager (Male) |
| 16:27 | Research | Double-Bit Axe |
| 16:37 | Queue | Cavalry Archer |
| 16:56 | Queue | Villager (Male) |
| 17:12 | Queue | Villager (Male) |
| 17:29 | Queue | Cavalry Archer |
| 17:30 | Queue | Villager (Male) |
| 17:36 | Build | House |
| 17:59 | Build | Farm |
| 18:02 | Build | Farm |
| 18:04 | Research | Bow Saw |
| 18:21 | Queue | Villager (Male) |
| 18:27 | Queue | Cavalry Archer |
| 18:30 | Build | Farm |
| 18:41 | Queue | Villager (Male) |
| 18:48 | Build | Farm |
| 19:11 | Build | House |
| 19:16 | Queue | Villager (Male) |
| 19:31 | Build | Farm |
| 19:37 | Queue | Villager (Male) |
| 19:51 | Queue | Villager (Male) |
| 20:06 | Build | Town Center |
| 20:15 | Queue | Villager (Male) |
| 20:16 | Queue | Cavalry Archer |
| 20:25 | Build | House |
| 20:28 | Build | Palisade Wall |
| 20:39 | Build | House |
| 20:41 | Build | House |
| 20:44 | Build | House |
| 20:48 | Build | Palisade Wall |
| 21:01 | Queue | Villager (Male) |
| 21:09 | Queue | Villager (Male) |
| 21:20 | Queue | Villager (Male) |
| 21:25 | Build | Farm |
| 21:26 | Build | Farm |
| 21:27 | Build | Farm |
| 21:29 | Build | Farm |
| 21:59 | Queue | Cavalry Archer |
| 22:06 | Build | Farm |
| 22:09 | Build | Farm |
| 22:12 | Queue | Cavalry Archer |
| 22:17 | Queue | Spearman |
| 22:17 | Queue | Spearman |
| 22:30 | Queue | Villager (Male) |
| 22:30 | Queue | Villager (Male) |
| 22:35 | Build | Farm |
| 22:40 | Queue | Villager (Male) |
| 22:40 | Queue | Villager (Male) |
| 22:45 | Queue | Spearman |
| 22:53 | Queue | Villager (Male) |
| 22:53 | Queue | Villager (Male) |
| 22:57 | Queue | Villager (Male) |
| 23:03 | Build | Farm |
| 23:08 | Build | Farm |
| 23:11 | Queue | Villager (Male) |
| 23:11 | Queue | Villager (Male) |
| 23:13 | Queue | Cavalry Archer |
| 23:29 | Research | Town Watch |
| 23:40 | Queue | Villager (Male) |
| 23:40 | Queue | Villager (Male) |
| 23:42 | Build | Farm |
| 24:02 | Queue | Villager (Male) |
| 24:03 | Queue | Villager (Male) |
| 24:14 | Queue | Villager (Male) |
| 24:15 | Research | Horse Collar |
| 24:24 | Queue | Spearman |
| 24:27 | Queue | Cavalry Archer |
| 24:49 | Queue | Villager (Male) |
| 24:49 | Queue | Villager (Male) |
| 24:59 | Queue | Villager (Male) |
| 24:59 | Queue | Villager (Male) |
| 25:28 | Queue | Villager (Male) |
| 25:29 | Queue | Villager (Male) |
| 25:31 | Queue | Villager (Male) |
| 25:35 | Queue | Villager (Male) |
| 25:35 | Queue | Villager (Male) |
| 25:51 | Build | Town Center |
| 26:00 | Queue | Villager (Male) |
| 26:04 | Build | Market |
| 26:10 | Queue | Villager (Male) |
| 26:15 | Build | House |
| 26:46 | Research | Wheelbarrow |
Build order — Tobi
First 150 of 200 actions detected
| 0:02 | Queue | Villager (Male) |
| 0:02 | Queue | Villager (Male) |
| 0:03 | Build | House |
| 0:04 | Build | House |
| 0:35 | Queue | Villager (Male) |
| 0:36 | Queue | Villager (Male) |
| 0:45 | Queue | Villager (Male) |
| 0:45 | Queue | Villager (Male) |
| 1:26 | Queue | Villager (Male) |
| 1:26 | Queue | Villager (Male) |
| 2:05 | Build | Lumber Camp |
| 2:08 | Queue | Villager (Male) |
| 2:08 | Queue | Villager (Male) |
| 2:20 | Queue | Villager (Male) |
| 3:06 | Queue | Villager (Male) |
| 3:10 | Queue | Villager (Male) |
| 3:11 | Queue | Villager (Male) |
| 3:34 | Build | House |
| 4:00 | Queue | Villager (Male) |
| 4:00 | Queue | Villager (Male) |
| 4:19 | Build | Mill |
| 4:37 | Queue | Villager (Male) |
| 5:04 | Queue | Villager (Male) |
| 5:23 | Queue | Villager (Male) |
| 5:24 | Queue | Villager (Male) |
| 5:28 | Research | Loom |
| 6:34 | Build | Lumber Camp |
| 6:48 | Research | Feudal Age |
| 6:48 | Research | Feudal Age |
| 7:19 | Build | House |
| 7:46 | Build | Barracks |
| 7:52 | Queue | Villager (Male) |
| 7:52 | Queue | Villager (Male) |
| 8:06 | Queue | Villager (Male) |
| 8:29 | Build | House |
| 8:35 | Build | Palisade Wall |
| 8:52 | Age | Feudal Age |
| 8:56 | Build | Stable |
| 9:09 | Research | Double-Bit Axe |
| 9:39 | Queue | Scout Cavalry |
| 9:39 | Queue | Scout Cavalry |
| 9:42 | Queue | Villager (Male) |
| 10:06 | Build | Watch Tower |
| 10:15 | Build | Mill |
| 10:18 | Queue | Villager (Male) |
| 10:20 | Research | Horse Collar |
| 10:33 | Build | House |
| 10:49 | Queue | Villager (Male) |
| 10:51 | Build | Farm |
| 10:51 | Build | Farm |
| 11:16 | Queue | Villager (Male) |
| 11:38 | Build | Farm |
| 11:38 | Build | Farm |
| 11:38 | Build | Farm |
| 11:38 | Build | Farm |
| 11:38 | Build | Farm |
| 11:43 | Queue | Villager (Male) |
| 11:45 | Build | House |
| 12:22 | Queue | Villager (Male) |
| 12:47 | Queue | Villager (Male) |
| 12:52 | Build | Farm |
| 12:52 | Build | Farm |
| 12:56 | Build | Blacksmith |
| 13:00 | Queue | Villager (Male) |
| 13:01 | Build | House |
| 13:10 | Build | Watch Tower |
| 13:24 | Queue | Villager (Male) |
| 13:29 | Build | Farm |
| 13:31 | Queue | Scout Cavalry |
| 13:43 | Build | Farm |
| 13:44 | Build | Farm |
| 13:48 | Build | Farm |
| 13:49 | Queue | Villager (Male) |
| 13:58 | Build | House |
| 14:05 | Queue | Villager (Male) |
| 14:15 | Build | House |
| 14:21 | Queue | Villager (Male) |
| 14:28 | Build | House |
| 14:30 | Queue | Scout Cavalry |
| 14:50 | Build | Palisade Wall |
| 14:52 | Build | Palisade Wall |
| 14:55 | Queue | Villager (Male) |
| 14:57 | Build | Palisade Wall |
| 14:57 | Build | Palisade Wall |
| 15:16 | Queue | Villager (Male) |
| 15:18 | Research | Forging |
| 15:43 | Queue | Scout Cavalry |
| 15:43 | Queue | Villager (Male) |
| 16:14 | Queue | Villager (Male) |
| 16:22 | Queue | Villager (Male) |
| 16:27 | Queue | Villager (Male) |
| 16:35 | Queue | Scout Cavalry |
| 16:41 | Build | Mining Camp |
| 16:44 | Build | Market |
| 16:54 | Queue | Villager (Male) |
| 17:01 | Queue | Scout Cavalry |
| 17:15 | Build | House |
| 17:17 | Build | Farm |
| 17:17 | Build | Farm |
| 17:24 | Research | Scale Barding Armor |
| 17:27 | Build | House |
| 17:33 | Build | Stable |
| 17:38 | Build | Farm |
| 17:42 | Build | House |
| 17:48 | Queue | Villager (Male) |
| 17:49 | Queue | Scout Cavalry |
| 17:52 | Build | Farm |
| 17:54 | Build | House |
| 18:01 | Queue | Scout Cavalry |
| 18:11 | Queue | Villager (Male) |
| 18:14 | Build | House |
| 18:16 | Build | Palisade Wall |
| 18:20 | Build | Palisade Wall |
| 18:29 | Queue | Villager (Male) |
| 18:32 | Build | Farm |
| 18:33 | Queue | Villager (Male) |
| 18:39 | Build | House |
| 18:52 | Queue | Scout Cavalry |
| 18:53 | Queue | Villager (Male) |
| 19:06 | Queue | Villager (Male) |
| 19:09 | Queue | Scout Cavalry |
| 19:16 | Build | Farm |
| 19:17 | Build | Farm |
| 19:36 | Research | Bloodlines |
| 19:42 | Build | Farm |
| 19:42 | Build | Farm |
| 19:42 | Build | Farm |
| 19:43 | Build | Farm |
| 19:46 | Build | Palisade Gate |
| 19:52 | Queue | Scout Cavalry |
| 19:55 | Queue | Villager (Male) |
| 19:56 | Build | Farm |
| 19:57 | Queue | Villager (Male) |
| 20:05 | Build | House |
| 20:19 | Queue | Scout Cavalry |
| 20:20 | Queue | Villager (Male) |
| 20:43 | Queue | Villager (Male) |
| 20:53 | Queue | Villager (Male) |
| 20:55 | Queue | Scout Cavalry |
| 20:59 | Queue | Villager (Male) |
| 21:13 | Queue | Villager (Male) |
| 21:30 | Queue | Scout Cavalry |
| 21:30 | Queue | Scout Cavalry |
| 21:46 | Queue | Villager (Male) |
| 21:51 | Queue | Scout Cavalry |
| 21:55 | Build | Mill |
| 21:55 | Build | Farm |
| 21:56 | Build | Farm |
| 22:02 | Build | Farm |
| 22:05 | Queue | Scout Cavalry |
Match timeline
| 6:14 | itsaureus · wall_segment Palisade Wall x2 |
| 6:31 | itsaureus · first_building Donjon |
| 6:38 | itsaureus · wall_segment Palisade Wall x1 |
| 6:50 | itsaureus · wall_segment Palisade Wall x1 |
| 6:51 | itsaureus · wall_segment Palisade Wall x1 |
| 7:26 | itsaureus · wall_segment Palisade Wall x4 |
| 7:46 | Tobi · first_building Barracks |
| 8:35 | Tobi · wall_segment Palisade Wall x3 |
| 8:52 | Tobi · age_up feudal |
| 8:56 | Tobi · first_building Stable |
| 9:19 | itsaureus · wall_segment Palisade Wall x2 |
| 10:33 | itsaureus · age_up feudal |
| 10:35 | itsaureus · first_building Archery Range |
| 14:50 | Tobi · wall_segment Palisade Wall x3 |
| 14:52 | Tobi · wall_segment Palisade Wall x2 |
| 14:57 | Tobi · wall_segment Palisade Wall x2 |
| 14:57 | Tobi · wall_segment Palisade Wall x1 |
| 15:20 | itsaureus · age_up castle |
| 18:16 | Tobi · wall_segment Palisade Wall x6 |
| 18:20 | Tobi · wall_segment Palisade Wall x8 |
| 20:28 | itsaureus · wall_segment Palisade Wall x1 |
| 20:48 | itsaureus · wall_segment Palisade Wall x1 |
| 25:55 | Tobi · age_up castle |
| 25:57 | Tobi · first_building Siege Workshop |
| 27:47 | itsaureus · wall_segment Palisade Wall x1 |
| 27:49 | itsaureus · wall_segment Palisade Wall x1 |
| 28:27 | itsaureus · resign |
[ AI ANALYSIS · 1 CREDIT ]
What really happened in this match?
Wolo.gg analyzes every decision: build order, eco, micro, common mistakes by bracket. Personalized analysis on WhatsApp or Discord in 30 seconds.
Civ guide
Sicilians
Perfil
Jugador #17892725